 Dungeon Sprint DCSS version 0.19-a0-996-g3cba913 (webtiles) character file.

6466 Musica the Imperceptible (level 10, -18/50 HPs)
             Began as a Spriggan Assassin on July 17, 2016.
             Was a Follower of Hepliaklqana.
             Demolished by a lorocyproca (27 damage)
             ... in the Dungeon (Sprint I: "Red Sonja").
             The game lasted 00:13:48 (2576 turns).

Musica the Imperceptible (Spriggan Assassin)        Turns: 2576, Time: 00:13:48

Health: -18/50     AC:  3    Str:  8    XL:     10   Next: 68%
Magic:  1/15       EV: 17    Int: 13    God:    Hepliaklqana [*.....]
Gold:   714        SH:  0    Dex: 20    Spells: 0 memorised, 9 levels left

rFire  . . .     SeeInvis +     a - +2 dagger
rCold  . . .     Gourm    .     c - +0 robe
rNeg   . . .     Faith    .     (shield restricted)
rPois  .         Spirit   .     (helmet restricted)
rElec  .         Dismiss  .     d - +0 cloak
rCorr  .         Reflect  .     (gloves unavailable)
SustAt .         Harm     .     (boots unavailable)
MR     +....     NoTele   +     (no amulet)
Stlth  +++++++++.               (no ring)
                                (no ring)

@: very quick, somewhat resistant to hostile enchantments, incredibly stealthy
A: unfitting armour, see invisible, herbivore 3, speed 3, slow metabolism 2
a: Recall Ancestor, Ancestor Identity, Renounce Religion


You were in the Dungeon.
You worshipped Hepliaklqana.
Hepliaklqana was aware of your devotion.
You were not hungry.

You visited 1 branch You collected 1038 gold pieces.
You spent 324 gold pieces at shops.

Inventory:

Hand Weapons
 a - a +2 dagger (weapon)
 b - a +0 blowgun
Missiles
 e - 5 poisoned needles
Armour
 c - a +0 robe (worn)
 d - a +0 cloak (worn)
Wands
 n - a wand of disintegration (0/24)
 p - a wand of iceblast (2/15)
Scrolls
 m - a scroll of blinking
Potions
 h - 2 potions of curing
 i - a potion of heal wounds
 j - a potion of haste
 k - 2 potions of magic
 l - a potion of experience {unknown}
Miscellaneous
 o - a box of beasts
Comestibles
 g - 2 bread rations
 q - a slice of pizza


   Skills:
 + Level 4.2 Fighting
 + Level 10.0 Short Blades
 + Level 16.9 Throwing
 - Level 1.9 Dodging
 - Level 21.0 Stealth
 * Level 6.1 Invocations


You had 9 spell levels left.
You didn't know any spells.

Dungeon Overview and Level Annotations

Branches:
Dungeon (1/1)

Altars:
Cheibriados
Dithmenos
Elyvilon
Fedhas
Gozag
Hepliaklqana
Kikubaaqudgha
Makhleb
Nemelex Xobeh
Okawaru
Pakellas
Qazlal
Ru
Sif Muna
Trog
Uskayaw
Vehumet
Xom
Yredelemnul
Zin
The Shining One
Jiyva

Shops:
D }[[


Innate Abilities, Weirdness & Mutations

You are tiny and cannot use many weapons and most armour.
You have supernaturally acute eyesight. (SInv)
You are a herbivore.
You cover ground extremely quickly.
You need consume almost no food.


Message History

Unknown command.
You see here 27 gold pieces.
The lorocyproca hits Ælfthryth!!
An arrow shoots out and hits you! Ælfthryth hits the lorocyproca but does no damage.
There is an arrow trap here.
You open the door. Ælfthryth barely misses the lorocyproca.
Found a robe.
The lorocyproca hits you!!
Ouch! That really hurt!
* * * LOW HITPOINT WARNING * * *
You feel your power leaking away.
There is an open door, spattered with blood here.
You see here a robe.
You close the door.
A lorocyproca opens the door. Ælfthryth hits the lorocyproca.
The lorocyproca hits you!!
Ouch! That really hurt!
You die...

#################################
#__#..'..)#).#§§§§§§.RR§§§.§#^§§$
'..'..#...##'#.####.§§§§##§§§^^#§
#__####)..'§.#.#[###§§§#######+#§
#### #####.§§.#@#$###'# [(## .#§
# ##'####^2$#y#.##$$$# .## +
#.....#.R$###..###$# .≈ #
#..^§§§§.$$$##.#A#$# .≈ #
###§§.#§§...#..###$#


m≈e # ### #§.§###++##.##..$# .≈# ##+###.## #§.## #. +### .....'.∩# #§§# ##
######### ##+# You could see the friendly Ælfthryth the ancestor, a lorocyproca
(invisible) and a meliai.

Vanquished Creatures
  A hydra (D)
  Sonja (D)
  A deep troll (D)
  A lindwurm (D)
  A gargoyle (D)
  2 kobold demonologists (D)
  4 demonic crawlers (D)
  A slime creature (D)
  Sigmund (D)
  A yak (D)
  7 hogs (D)
  2 giant eyeballs (D)
  An ogre (D)
  A jelly (D)
  Ijyb (D)
  2 ballistomycetes (D)
28 creatures vanquished.

Vanquished Creatures (collateral kills)
  6 hogs (D)
  A ballistomycete (D)
7 creatures vanquished.

Vanquished Creatures (others)
  A gargoyle (D)
  3 ancestors (D)
  2 giant spores (D)
6 creatures vanquished.

Grand Total: 41 creatures vanquished

Notes
Turn   | Place    | Note
-------+----------+-------------------------------------------
     0 | D        | Musica the Spriggan Assassin began the quest for the Orb.
     0 | D        | Reached XP level 1. HP: 10/10 MP: 2/2
     3 | D        | Noticed Ijyb
    25 | D        | Killed Ijyb
    25 | D        | Reached skill level 9 in Stealth
    25 | D        | Reached XP level 2. HP: 14/15 MP: 3/3
    43 | D        | Noticed an ogre
    61 | D        | Killed an ogre
    61 | D        | Reached skill level 12 in Stealth
    61 | D        | Reached XP level 3. HP: 18/18 MP: 4/4
    61 | D        | Reached XP level 4. HP: 23/23 MP: 5/5
    90 | D        | Noticed Sigmund
   103 | D        | Killed Sigmund
   103 | D        | Reached skill level 15 in Stealth
   103 | D        | Reached XP level 5. HP: 17/26 MP: 6/6
   133 | D        | Found a deep blue altar of Sif Muna.
   135 | D        | Found a radiant altar of Vehumet.
   139 | D        | Reached XP level 6. HP: 22/30 MP: 7/7
   142 | D        | Found Ylulus's Armour Emporium.
   142 | D        | Found a white marble altar of Elyvilon.
   142 | D        | Found a stormy altar of Qazlal.
   142 | D        | Found a burning altar of Makhleb.
   142 | D        | Found a sacrificial altar of Ru.
   142 | D        | Found a hazy altar of Hepliaklqana.
   142 | D        | Found an oddly glowing altar of Pakellas.
   142 | D        | Found a hide-covered altar of Uskayaw.
   142 | D        | Found a basalt altar of Yredelemnul.
   142 | D        | Found a glowing golden altar of the Shining One.
   142 | D        | Found a sparkling altar of Nemelex Xobeh.
   142 | D        | Found a shimmering altar of Xom.
   142 | D        | Found an opulent altar of Gozag.
   142 | D        | Found an ancient bone altar of Kikubaaqudgha.
   142 | D        | Found a glowing silver altar of Zin.
   142 | D        | Noticed a yak
   143 | D        | Found an iron altar of Okawaru.
   183 | D        | Killed a yak
   183 | D        | Reached skill level 5 in Short Blades
   183 | D        | Reached skill level 17 in Stealth
   219 | D        | Found a bloodstained altar of Trog.
   227 | D        | Became a worshipper of Hepliaklqana
   481 | D        | Noticed Sonja
   485 | D        | Killed Sonja
   485 | D        | Reached skill level 10 in Throwing
   485 | D        | Reached skill level 19 in Stealth
   485 | D        | Reached XP level 7. HP: 34/34 MP: 8/8
   485 | D        | Reached XP level 8. HP: 39/39 MP: 9/9
   501 | D        | Found Detsuh's Gadget Boutique.
   509 | D        | Bought a box of beasts for 240 gold pieces
   509 | D        | Bought a wand of iceblast (3/15) for 84 gold pieces
   522 | D        | Noticed a deep troll
   542 | D        | Killed a deep troll
   542 | D        | Reached skill level 20 in Stealth
   579 | D        | Found Gubiokhlaniu's Armour Emporium.
   772 | D        | Killed a gargoyle
   842 | D        | Found a snail-covered altar of Cheibriados.
   842 | D        | Found a viscous altar of Jiyva.
   842 | D        | Found a shadowy altar of Dithmenos.
   842 | D        | Found a blossoming altar of Fedhas.
   842 | D        | Noticed a slime creature
   861 | D        | Killed a slime creature
   861 | D        | Reached skill level 21 in Stealth
   905 | D        | Noticed a kobold demonologist
   906 | D        | Noticed a kobold demonologist
   908 | D        | Killed a kobold demonologist
   908 | D        | Reached XP level 9. HP: 39/42 MP: 10/10
   910 | D        | Killed a kobold demonologist
   921 | D        | Noticed a demonic crawler
   921 | D        | Noticed a demonic crawler
   921 | D        | Noticed a demonic crawler
   921 | D        | Noticed a demonic crawler
   923 | D        | Killed a demonic crawler
   924 | D        | Killed a demonic crawler
   926 | D        | Killed a demonic crawler
   927 | D        | Killed a demonic crawler
   939 | D        | Noticed a gargoyle
   951 | D        | Noticed a lindwurm
   953 | D        | Killed a lindwurm
   953 | D        | Reached skill level 15 in Throwing
   961 | D        | Reached skill level 1 in Invocations
   961 | D        | Reached XP level 10. HP: 49/49 MP: 11/11
  1572 | D        | Noticed a daeva
  1930 | D        | Noticed a 12-headed hydra
  1932 | D        | Killed a 12-headed hydra
  1932 | D        | Reached skill level 5 in Invocations
  2208 | D        | Reached * piety under Hepliaklqana
  2220 | D        | Noticed a siren
  2220 | D        | Noticed a deep elf annihilator
  2553 | D        | Killed a gargoyle
  2553 | D        | Reached skill level 10 in Short Blades
  2561 | D        | Noticed a lorocyproca
  2576 | D        | Demolished by a lorocyproca

Vault maps used:
D:        dungeon_sprint_1

Skill      XL: |  1  2  3  4  5  6  7  8  9 10 |
---------------+-------------------------------+-----
Stealth        | 9 12 15 19 21 | 21.0
Short Blades   | 3 4 6 7 9 10 | 10.0
Throwing       | 4 6 10 12 15 16 | 16.9
Fighting       | 2 3 4 |  4.2
Invocations    | 1 6 |  6.1
Dodging        | |  1.9

Action                   |  1- 3 |  4- 6 |  7- 9 | 10-12 || total
-------------------------+-------+-------+-------+-------++-------
Melee: Dagger            |     9 |     5 |    53 |    52 ||   119
 Fire: Blowgun           |    13 |    14 |    11 |     8 ||    46
Invok: Recall Ancestor   |       |       |     1 |     4 ||     5
Evoke: Wand              |       |       |     3 |     4 ||     7
       Box of beasts     |       |       |       |     3 ||     3
  Use: Potion            |       |       |     1 |     1 ||     2
 Stab: Sleeping          |       |     2 |     8 |     4 ||    14
       Distracted        |       |       |       |     1 ||     1
Armor: Robe              |       |       |       |     4 ||     4
Dodge: Dodged            |     4 |     2 |     3 |    22 ||    31
